 Dungeon Crawl Stone Soup version 0.20.1-1-g8b1a95d (webtiles) character file.

128 Mesmaeker13 the Magician (level 4, 0/33 HPs)
             Began as a Draconian Wizard on Aug 13, 2017.
             Succumbed to an orc wizard's poison
             ... on level 3 of the Dungeon.
             The game lasted 00:04:36 (2658 turns).

Mesmaeker13 the Magician (Draconian Wizard)         Turns: 2658, Time: 00:04:37

Health: 0/33       AC:  6    Str:  9    XL:     4   Next: 87%
Magic:  1/9        EV: 12    Int: 20    God:
Gold:   87         SH:  0    Dex:  9    Spells: 4/10 levels left

rFire    . . .     SeeInvis .   i - +2 short sword (holy)
rCold    . . .     Gourm    .   (no shield)
rNeg     . . .     Faith    .   (armour unavailable)
rPois    .         Spirit   .   a - +1 hat
rElec    .         Reflect  .   (no cloak)
rCorr    .         Harm     .   (no gloves)
MR       .....                  (no boots)
Stlth    ++........             (no amulet)
Regen    0.2/turn               (no ring)
MPRegen  0.2/turn               (no ring)

@: lethally poisoned (0 -> -28), hasted, very quick
A: unfitting armour, cold-blooded, AC +5
a: no special abilities


You were on level 3 of the Dungeon.
You were not hungry.

You visited 1 branch of the dungeon, and saw 3 of its levels.

You collected 87 gold pieces.

Inventory:

Hand Weapons
 i - a +2 short sword of holy wrath (weapon)
Armour
 a - a +1 hat (worn)
Scrolls
 e - a scroll of fog
 f - a scroll of enchant armour
 j - 2 scrolls of recharging
 m - a scroll of blinking {unknown}
Potions
 g - a potion of invisibility {unknown}
Books
 b - a book of Minor Magic

   Spells                             Type                      Level
   a - Magic Dart                     Conjuration                  1
   b - Blink                          Translocation                2
   c - Call Imp                       Summoning                    2
   d - Slow                           Hexes                        2
   e - Conjure Flame                  Conjuration/Fire             3
   f - Mephitic Cloud                 Conjuration/Poison/Air       3
Comestibles
 c - 2 bread rations
 h - 3 royal jellies
 l - 4 fruits
 n - 2 chunks of flesh


   Skills:
 + Level 2.7 Dodging
 - Level 1.7 Stealth
 + Level 3.8 Spellcasting
 + Level 2.6 Conjurations
 + Level 2.0 Summonings
   Level 1.0 Translocations


You had 4 spell levels left.
You knew the following spells:

 Your Spells              Type           Power        Failure   Level  Hunger
a - Magic Dart            Conj           ##..         4%          1    None
b - Call Imp              Summ           ##......     9%          2    ##.....
c - Mephitic Cloud        Conj/Pois/Air  #.......     26%         3    ###....


Dungeon Overview and Level Annotations

Branches:
Dungeon (3/15)

Altars:


Innate Abilities, Weirdness & Mutations

Your plain brown scales are hard. (AC +5)
You cannot fit into any form of body armour.
You are cold-blooded and may be slowed by cold attacks.


Message History

Press: ? - help, Shift-Dir - straight line, f/p - orc wizard
Aim: an orc wizard, wielding a dagger of venom and wearing a robe (severely wounded)
The magic dart hits the orc wizard.
The orc wizard is severely wounded.
* * * LOW HITPOINT WARNING * * *
You feel sick. The orc wizard closely misses you.
Sorry, you're not good enough to have a special ability.
Casting: Magic Dart
Confirm with . or Enter, or press ? or * to list all spells.
Aiming: Magic Dart
Press: ? - help, Shift-Dir - straight line, f/p - orc wizard
Aim: an orc wizard, wielding a dagger of venom and wearing a robe (severely wounded)
The magic dart hits the orc wizard.
The orc wizard is severely wounded.
* * * LOW HITPOINT WARNING * * *
You feel sick.
The orc wizard hits you but does no damage.
You are more poisoned.
It was a potion of haste.
You feel yourself speed up.
You die...

......# #.##....
.###..# #.#...
.###.### #[#.#
.......# #)).#
#...##.# #.[.#
##..##.# #...#[#
....##.####.###.#
###..#(.....# #o##
#...#...#####.@#
#...##.....###.#
#.#....###.###.# #
...##..## #...#.# ...
#####.....####.#.#..#
#..#............#
#..###.####.........#
..%# ###.......# .##
#.###....#


You could see an orc wizard.

Vanquished Creatures
  An orc wizard (D:2)
  3 adders (D:2)
  An ooze (D:1)
  A dart slug (D:2)
  A leopard gecko (D:1)
  An orc (D:3)
  6 bats
  6 giant cockroaches
  2 goblins
  8 hobgoblins
  A ball python (D:1)
  6 frilled lizards
  7 kobolds
  A rat (D:1)
45 creatures vanquished.

Vanquished Creatures (collateral kills)
  An orc priest (D:3)
  3 orcs (D:3)
  A kobold (D:3)
5 creatures vanquished.

Grand Total: 50 creatures vanquished

Notes
Turn   | Place    | Note
-------+----------+-------------------------------------------
     0 | D:1      | Mesmaeker13 the Draconian Wizard began the quest for the Orb.
     0 | D:1      | Reached XP level 1. HP: 14/14 MP: 4/4
   237 | D:1      | Reached XP level 2. HP: 16/20 MP: 0/6
   998 | D:1      | Reached XP level 3. HP: 22/26 MP: 7/7
  1098 | D:2      | Learned a level 2 spell: Call Imp
  2033 | D:2      | Reached XP level 4. HP: 33/33 MP: 7/9
  2442 | D:2      | Learned a level 3 spell: Mephitic Cloud
  2658 | D:3      | Succumbed to an orc wizard's poison

Skill      XL: |  1  2  3  4 |
---------------+-------------+-----
Dodging        | 2 |  2.7
Conjurations   | 2 |  2.6
Summonings     | 2 |  2.0
Stealth        | |  1.7
Spellcasting   | |  3.8
Translocations | |  1.0

Action                   |  1- 3 |  4- 6 || total
-------------------------+-------+-------++-------
Melee: Unarmed           |    32 |       ||    32
       Tailslap          |    11 |       ||    11
       Club              |    44 |       ||    44
       Dagger            |    16 |       ||    16
       Short sword       |     4 |     5 ||     9
 Cast: Magic Dart        |    59 |    31 ||    90
       Call Imp          |       |     1 ||     1
  Use: Scroll            |     1 |     2 ||     3
       Potion            |       |     1 ||     1
  Eat: Chunk             |     3 |     2 ||     5
Armor: Skin              |    24 |     6 ||    30
Dodge: Dodged            |    90 |    14 ||   104
